 Dungeon Crawl Stone Soup version 0.30.0 (webtiles) character file.

Game seed: 4417186468485776182

325 tabstorm the Magician (level 6, -7/40 HPs)
             Began as a Djinni Fire Elementalist on May 5, 2023.
             Mangled by an iguana (12 damage)
             ... on level 4 of the Dungeon.
             The game lasted 00:12:49 (2438 turns).

tabstorm the Magician (Djinni Fire Elementalist)    Turns: 2438, Time: 00:12:50

Health: -7/40      AC:  3    Str:  7    XL:     6   Next: 78%
Gold:   124        EV: 11    Int: 18    God:
                   SH:  0    Dex: 14

rFire   + + .        o - +0 flail
rCold   . . .        (no shield)
rNeg    . . .        b - +0 leather armour
rPois   ∞            (no helmet)
rElec   .            (no cloak)
rCorr   .            (no gloves)
SInv    .            (boots unavailable)
Will    .....        (no amulet)
Stlth   ++           l - ring of protection from cold
HPRegen 0.26/turn    (no ring)
MPRegen 0.00/turn

%: infuse magic (-8 HP)
@: flying
A: sickness immunity, fire resistance 2, cold vulnerability 1, float, innate
caster, HP casting, extra vitality 1
a: no special abilities


You were on level 4 of the Dungeon.
You visited 1 branch of the dungeon, and saw 4 of its levels.

You collected 124 gold pieces.

Inventory:

Hand Weapons
 c - a +0 whip
 o - a +0 flail (weapon)
Missiles
 m - 6 boomerangs
Armour
 a - a +0 robe
 b - a +0 leather armour (worn)
 j - an orb of light
Jewellery
 l - a ring of protection from cold (left hand)
Wands
 p - a wand of iceblast (3)
Scrolls
 i - 3 scrolls of amnesia
 n - a scroll of teleportation {unknown}
 q - a scroll of identify
 s - a scroll of fog {unknown}
Potions
 d - a potion of cancellation
 g - a potion of curing {unknown}
 k - a potion of flight {unknown}
 r - a potion of degeneration {unknown}


   Skills:
 - Level 2.1 Dodging
 - Level 1.5 Stealth
 * Level 5.4 Spellcasting


You knew the following spells:

 Your Spells              Type           Power      Damage    Failure   Level
a - Foxfire               Conj/Fire      96%        2x1d8     1%          1
b - Scorch                Fire           48%        2d7       3%          2
c - Volatile Blastmotes   Fire/Tloc      48%        2d14      6%          3
d - Inner Flame           Hex/Fire       24%        N/A       6%          3
e - Flame Wave            Conj/Fire      24%        2d8       21%         4
f - Slow                  Hex            96%        N/A       1%          1
g - Call Imp              Summ           48%        N/A       3%          2
Your spell library was empty.

Dungeon Overview and Level Annotations

Branches:
Dungeon (4/15)
 Temple: D:4-7

Altars:

Annotations:
D:1 exclusion: 2 downstairs
D:2 exclusion: ogre, Jessica, Sigmund, Terence
D:4 Edmund


Innate Abilities, Weirdness & Mutations

You are immune to sickness and miasma.
You are immune to poison.
Your flesh is very heat resistant. (rF++)
You are vulnerable to cold. (rC-)
You float through the air rather than walking.
You learn spells naturally, not from books.
Your magical power is your life essence.
You have superior vitality. (+4 MHP)


Message History

Unknown command.
Unknown command.
Casting: Scorch (safe; 3% risk of failure)
Confirm with . or Enter, or press ? or * to list all spells.
Flames lash the orc priest.
The orc priest is burned terribly!
You kill the orc priest!
You hear a shout!
An iguana comes into view.
Unknown command.
Unknown command.
There is a stone staircase leading up here.
Items here: $ ( ) ? [ †.
Unknown command.
Unknown command.
Casting: Scorch (safe; 3% risk of failure)
Confirm with . or Enter, or press ? or * to list all spells.
Flames lash the iguana.
The iguana is moderately wounded.
The iguana's fire resistance burns away.
You hear a shout!
A goblin comes into view. It is wielding a +0 club.
The iguana completely misses you.
An endoplasm comes into view.
Unknown command.
The iguana bites you!
* * * LOW HITPOINT WARNING * * *
There is a stone staircase leading up here.
Items here: $ ( ) ? [ †.
Unknown command.
The iguana attacks as you move away! The iguana barely misses you.
Items here: )) [ †.
The iguana attacks as you move away! The iguana closely misses you.
The iguana is no longer more vulnerable to fire.
Okay, then.
The iguana attacks as you move away! The iguana bites you!
* * * LOW HITPOINT WARNING * * *
Press: ? - help, v - describe, . - travel The floor.
The iguana attacks as you move away! The iguana bites you!
You die...

...............
#..###........†## ##..#
#.#####.#.## ...# #.#
#.#.## #..# #.# #.#.##
#..# #.# #.)... #..#
#.######.###
#######..###......#.###
#.....@lJ.g........#...
#.#####.####...........
..####.####....[.#.###
#..............)<.#.#
#.######...##.###)....#
#P ###.##.# .#..#.# #
##...#.#J# #....
#......#g .#.#
........### ....


You could see an iguana, an endoplasm and a goblin.

Vanquished Creatures
  Dowan (D:4)
  An orc priest (D:4)
  An iguana (D:4)
  Natasha (twice) (D:3)
  A gnoll (D:1)
  An adder (D:2)
  A worm (D:3)
  A dart slug (D:1)
  4 orcs (D:4)
  4 endoplasms
  2 giant cockroaches
  3 goblins
  2 hobgoblins
  2 jackals (D:1)
  4 quokkas
  8 ball pythons
  A bat (D:1)
  A frilled lizard (D:3)
  A kobold (D:1)
  5 rats
46 creatures vanquished.

Vanquished Creatures (collateral kills)
  Duvessa (D:4)
  An orc (D:4)
2 creatures vanquished.

Vanquished Creatures (others)
  87 foxfires
  11 fungi (D:4)
98 creatures vanquished.

Grand Total: 146 creatures vanquished

Notes
Turn   | Place    | Note
-------+----------+-------------------------------------------
     0 | D:1      | tabstorm the Djinni Fire Elementalist began the quest for
                  | the Orb.
     0 | D:1      | tabstorm set off with the following spells memorised:
                  | Foxfire, Scorch, Volatile Blastmotes, Inner Flame, Flame
                  | Wave.
     0 | D:1      | Reached XP level 1. HP: 15/15 MP: 0/0
   122 | D:1      | Reached XP level 2. HP: 20/21 MP: 0/0
   440 | D:1      | Reached skill level 3 in Spellcasting
   440 | D:1      | Reached XP level 3. HP: 23/25 MP: 0/0
   440 | D:1      | Learned a level 1 spell: Slow
   601 | D:1      | ohh its not a starting spell anymore, sad
   767 | D:1      | that's good
   896 | D:2      | Noticed Jessica
   898 | D:2      | Noticed an ogre
  1098 | D:2      | Noticed Sigmund
  1098 | D:2      | Noticed an ogre
  1151 | D:2      | Noticed Terence
  1181 | D:3      | bad floor
  1285 | D:3      | Reached XP level 4. HP: 26/31 MP: 0/0
  1585 | D:3      | Noticed Natasha
  1590 | D:3      | Killed Natasha
  1807 | D:3      | Noticed Natasha
  1812 | D:3      | Killed Natasha
  1813 | D:3      | Reached skill level 4 in Spellcasting
  1813 | D:3      | Reached XP level 5. HP: 21/35 MP: 0/0
  1813 | D:3      | Learned a level 2 spell: Call Imp
  1940 | D:3      | not off to a great start here
  2043 | D:4      | Noticed Edmund
  2112 | D:4      | interesting, i think?
  2177 | D:4      | Noticed Duvessa
  2251 | D:4      | Noticed Dowan
  2263 | D:4      | that didn't do much
  2271 | D:4      | yeah this is doomed already
  2282 | D:4      | lol
  2285 | D:4      | Killed Duvessa
  2286 | D:4      | Reached skill level 5 in Spellcasting
  2286 | D:4      | Reached XP level 6. HP: 7/40 MP: 0/0
  2413 | D:4      | Killed Dowan
  2438 | D:4      | Mangled by an iguana

Illustrated notes #### #.# #.# #.# #.# #.#### #. #....# ##...#....# ...........# #########@.# #..# #..# #..# #..# #..# #.## #.# Turn 601 on D:1: ohh its not a starting spell anymore, sad ..###.# ###.##...#....# ......# #.............# #.###### #.##########..# ....>..####.#........#..# ...........†#.######.#..# ........###.#.#....#.#..# ............#.#.##.#.#..# ..[.......†.#.#[.#.#.#..# ....†.......#.#.@#.#.#.## ............#.####.#.#.# #####...###.#......#.#.# #...# #.########.#.# #...# #.......[....# ##### ####.#...##### #.###.# #.# #.# #.# #.# Turn 767 on D:1: that's good ## #. #.#.## #...@# ###.## ... #### Turn 1181 on D:3: bad floor

......# #.###.###.#.....#.#
......#########.#
#.....#.###.#.#
......'.......#.#
####..#.#...#.#
......#######.#.#
#..#.#.###.. ####'## #.#.#
#....#.....# #.#
##.#.#######.#######.# #.#
#....#..#....#.......# #.#
#..#.#..#.####.####### #.#
#..#.@..#.##.....#
#.#######..#.##.#.##.#.#.###
#..........#.#..#.##.#.#...#
##########.#.#.##.##.#.###.#
#.#...<#....#...#.#
#.###.#########.#.# #.....#
#..#.# ####### #.##.# #.##.#


Turn 1940 on D:3: not off to a great start here #.#.[.>.)†..# # #.#...<####.#
#.#.##.#.# #.# #.#.##.#.# #.###### #####.#.##.#.# #....... .............#
######## .......†##.### #####.#.##.# #.#@##.# # #.##.# .....# #.###.. #. #.# o#
. .# Turn 2112 on D:4: interesting, i think? ...# # #.#.##.# #..# #.# #.#.##.#
#e.# #.# #.)....# #..# #.######.###.. #######..###......#.###.#
#.................e#... #.#####.####........... ..####.####......#
#.........e.@..)<.# #.######...##.###.....# #P ###.##.# #..#.# # ...#.# #...
......# .#.# .....### . .. ####.## # . #.# #.# Turn 2263 on D:4: that didn't do
much #######..###......#.###.# #..................#... #.#####.####...........
..####.####§.....# #..............)<.# #.######...##5###.....# #P ###.##.#
#..#.# # ##...#e# #... #....@.# .#.# .......### . .. #####.## # . #.# #.# Turn
2271 on D:4: yeah this is doomed already ...# # #.#.##.# #..# #.# #.#.##.# #e.#
#.# #.)....# #..# #.######.###.. #######..###......#.###.#
#..................#... #.#####.####........... ..####.####......#
#..............e@S# #.######...##.###.....# #P ###.##.# #..#.# # ##..e#.# #...
#......# .#.# ........### . .. ######.## # . #.# #.# Turn 2282 on D:4: lol

Levels and vault maps discovered:
D:1:      dpeg_arrival_tiny_i, layout_loops_ring, minivault_5
D:2:      layout_rooms, uniq_sigmund, uniq_terence, uniq_jessica
D:3:      layout_basic, uniq_natasha
D:4:      layout_loops_ring, minmay_temple_entry_mini_moons, serial_aquarium,
          aquarium_bridge_square [aquarium_subvault_window,
          aquarium_subvault_bridge, aquarium_subvault_bridge,
          aquarium_subvault_balcony], aquarium_window_fake,
          aquarium_window_corridor_1, aquarium_view_2f, aquarium_view_2b,
          aquarium_pool_five, dreamdust_wishing_well, uniq_edmund, uniq_duvessa,
          uniq_menkaure

Skill      XL: |  1  2  3  4  5 |
---------------+----------------+-----
Spellcasting   | 3 4 5 |  5.4
Dodging        | |  2.1
Stealth        | |  1.5

Action                     |  1- 3 |  4- 6 || total
---------------------------+-------+-------++-------
  Melee: Whip              |     2 |       ||     2
   Cast: Foxfire           |    49 |    20 ||    69
         Scorch            |     1 |    15 ||    16
         Call Imp          |       |     4 ||     4
         Volatile Blastmot |       |     3 ||     3
  Evoke: Wand              |       |     3 ||     3
    Use: Scroll            |     1 |     4 ||     5
         Potion            |       |     1 ||     1
 Armour: Leather armour    |     5 |     3 ||     8
  Dodge: Dodged            |    17 |    13 ||    30
